 Dungeon Crawl Stone Soup version 0.31-a0-640-g39d97e502b (webtiles) character file.

Game seed: 1725331065154222638

38343 Arcadio the Black Sun (level 13, -4/81 (103) HPs)
             Began as a Demonspawn Necromancer on Aug 28, 2023.
             Was a High Priest of Kikubaaqudgha.
             Killed from afar by Josephine (23 damage)
             ... with a ghostly fireball
             ... on level 4 of the Lair of Beasts.
             The game lasted 01:22:25 (23582 turns).

Arcadio the Black Sun (Demonspawn Necromancer)     Turns: 23582, Time: 01:22:26

HP:   -4/81 (103)   AC: 11    Str: 11    XL:     13   Next: 63%
MP:   12/28         EV: 24    Int: 22    God:    Kikubaaqudgha [*****.]
Gold: 223           SH: 12    Dex: 19    Spells: 4/35 levels left

rFire   . . .        N - +4 trident (vamp)
rCold   + . .        E - +2 buckler
rNeg    . . .        Z - +2 robe {rC+}
rPois   +            h - +1 helmet {SInv}
rElec   .            y - +0 cloak
rCorr   .            (gloves unavailable)
SInv    +            R - +1 pair of boots {Fly}
Will    .....        F - amulet of faith
Stlth   ++           i - ring "Ycheickotero" {*Slow EV+5 Str+2 Dex+6}
HPRegen 0.33/turn    s - ring of poison resistance
MPRegen 0.21/turn

%: slow self (1%), faith
@: flying, slowed, heavily drained, very slow
A: molten scales 1, demonic guardian 2, condensation shield, demonic touch 3
a: Renounce Religion, Unearth Wretches, Torment


You were on level 4 of the Lair of Beasts.
You worshipped Kikubaaqudgha.
Kikubaaqudgha was extremely pleased with you.
You visited 2 branches of the dungeon, and saw 15 of its levels.
You also visited: Bailey.

You collected 1027 gold pieces.
You spent 804 gold pieces at shops.

Inventory:

Hand Weapons
 N - a +4 vampiric trident (weapon)
 Y - a +0 heavy triple sword
Missiles
 m - a throwing net
Armour
 h - a +1 helmet of see invisible (worn)
 j - a +2 pair of gloves of strength
 q - a +1 robe of willpower
 y - a +0 cloak (worn)
 E - a +2 buckler (worn)
 P - the +2 leather armour of the Kitsune {rC+}
   (You found it in a bailey)

   rC+:       It protects you from cold.
 R - a +1 pair of boots of flying (worn)
 T - a +0 kite shield
 Z - a +2 robe of cold resistance (worn)
Jewellery
 i - the ring "Ycheickotero" (left hand) {*Slow EV+5 Str+2 Dex+6}
   (You found it on level 3 of the Dungeon)

   [ring of evasion]

   EV+5:      It affects your evasion (+5).
   Str+2:     It affects your strength (+2).
   Dex+6:     It affects your dexterity (+6).
   *Slow:     It may slow you when you take damage.
 s - a ring of poison resistance (right hand)
 x - a ring of see invisible
 F - an amulet of faith (around neck)
 L - a ring of wizardry
Wands
 d - a wand of digging (5)
 l - a wand of flame (26)
 u - a wand of iceblast (14)
 J - a wand of mindburst (15)
 K - a wand of charming (8)
 S - a wand of polymorph (8)
 X - a wand of acid (6)
Scrolls
 c - 3 scrolls of fear
 e - 5 scrolls of teleportation
 o - 3 scrolls of amnesia
 p - a scroll of enchant armour
 t - a scroll of noise {unknown}
 v - 5 scrolls of vulnerability
 w - 2 scrolls of enchant weapon
 A - 3 scrolls of fog
 B - 3 scrolls of torment
 G - 2 scrolls of poison
 H - a scroll of summoning {unknown}
 M - a scroll of immolation
 O - a scroll of blinking {unknown}
 Q - 3 scrolls of revelation
Potions
 a - a potion of ambrosia {unknown}
 b - a potion of magic
 g - a potion of heal wounds {unknown}
 k - 2 potions of cancellation
 n - 7 potions of attraction
 z - a potion of might
 C - 4 potions of curing
 D - 3 potions of lignification
 I - 4 potions of enlightenment
 U - a potion of berserk rage {unknown}
 W - 2 potions of haste
Miscellaneous
 f - a phial of floods


   Skills:
 + Level 9.8 Fighting
 + Level 11.5 Dodging
 - Level 1.7 Stealth
 - Level 5.0 Shields
 + Level 11.5 Spellcasting
 + Level 13.9 Necromancy


You had 4 spell levels left.
You knew the following spells:

 Your Spells              Type           Power      Damage    Failure   Level
a - Anguish               Hex/Necr       21%        N/A       4%          4
b - Vampiric Draining     Necr           65%        2d10      1%          3
c - Animate Dead          Necr           65%        N/A       1%          4
d - Agony                 Necr           65%        N/A       1%          5
e - Kiss of Death         Conj/Necr      100%       2d13      1%          1
f - Teleport Other        Tloc           12%        N/A       22%         3
g - Dispel Undead         Necr           65%        3d22      1%          4
h - Necrotise             Necr           100%       1d9       1%          1
i - Simulacrum            Ice/Necr       21%        N/A       52%         6

Your spell library contained the following spells:

 Spells                   Type           Power      Damage    Failure   Level
 Shock                    Conj/Air       48%        1d6       7%          1
 Gell's Gravitas          Tloc           12%        N/A       22%         3
 Stone Arrow              Conj/Erth      24%        3d8       22%         3
 Swiftness                Air            12%        N/A       22%         3
 Volatile Blastmotes      Fire/Tloc      24%        2d12      22%         3
 Airstrike                Air            6%         2d(1-17)  56%         4
 Animate Armour           Summ/Erth      24%        N/A       56%         4
 Fulminant Prism          Conj/Hex       6%         3d7       56%         4
 Iskenderun's Mystic Bla  Conj/Tloc      12%        2d5       56%         4
 Borgnjor's Vile Clutch   Necr/Erth      21%        N/A       11%         5
 Dispersal                Tloc           6%         N/A       100%        6
 Lehudib's Crystal Spear  Conj/Erth      6%         10d3      100%        8


Dungeon Overview and Level Annotations

Branches:
Dungeon (10/15) Zot: 23621  Temple (0/1) D:4            Lair (5/5) D:9 Zot: 20051
  Swamp (0/4) Lair:2       Spider (0/4) Lair:2        Slime (0/5) Lair:5
 Bailey (visited)
    Orc: D:9-12

Altars:
Ashenzari
Kikubaaqudgha
Makhleb
Nemelex Xobeh
Qazlal
Ru
Sif Muna
Trog
Uskayaw
Wu Jian
Xom

Shops:
D:2 *=*(   D:5 =   D:9 *

Annotations:
Lair:1 2 transporters, Icellig's ghost, novice HOFi
Lair:4 Josephine
Lair:5 2 transporters, KimchiStew's ghost, journeyman HOBr


Innate Abilities, Weirdness & Mutations

You are partially covered in molten scales. (AC +2)
A demonic guardian rushes to your aid.
A meltable shield of frost defends you. (SH +4)
Your touch may irresistibly damage your foes and sap their willpower.


Message History

You can't see any susceptible monsters within range! (Use Z to cast anyway.) Unknown command.
Unknown command.
Casting: Agony (dangerous; 1% risk of failure)
Confirm with . or Enter, or press ? or * to list all spells.
You can't see any susceptible monsters within range! (Use Z to cast anyway.)
Okay, then.
Casting: Agony (dangerous; 1% risk of failure)
Confirm with . or Enter, or press ? or * to list all spells.
You can't see any susceptible monsters within range! (Use Z to cast anyway.)
Press: ? - help, v - describe, . - travel
Here: Josephine, wielding a +0 dagger and wearing a +0 robe (heavily wounded, not watching you)
The floor.
Casting: Agony (dangerous; 1% risk of failure)
Confirm with . or Enter, or press ? or * to list all spells.
You can't see any susceptible monsters within range! (Use Z to cast anyway.)
Your ice devil hits the wraith but does no damage.
The wraith barely misses your ice devil.
Josephine barely misses your ice devil.
Your ice devil hits the wraith!
Your ice devil freezes the wraith.
The wraith resists.
You catch the helpless Josephine completely off-guard!
You hit Josephine.
Josephine is severely wounded.
The wraith hits your ice devil but does no damage.
Josephine closely misses you.
Your ice devil hits the wraith but does no damage.
The wraith hits your ice devil.
The wraith drains your ice devil's vigour!
Your ice devil seems to slow down.
The wraith is wracked by anguish.
You puncture Josephine!
Josephine is severely wounded.
Josephine draws life force from you!!
Josephine is healed by the life force!
The wraith hits your ice devil but does no damage.
Your ice devil barely misses the wraith.
Josephine gestures at you while chanting.
The ghostly flame explodes!
The ghostly fireball engulfs you!!
You feel drained.
You die...
Kikubaaqudgha rasps: "You have failed me!
Welcome... death!"

#.....#########......##..#.).....
#.)...#######.#....#.#####.......
...................#..#####.....P
#.....###...###..........#.......
.......#.....#......##..##.......
......+......##....###..###.....#
#.....#.....###..W.# #.###.......
......#####.###.4@.###.# ##......
......#####..#..@..##รท+###......#
.................................
P####.#####.####..#..#.###.#####.
## ### ### ######### #.# #. ### ##


You could see Josephine, a wraith (distracted, ally target, anguished) and a
friendly ice devil (summoned, slow).

Vanquished Creatures
  A catoblepas (Lair:2)
  2 hydras (Lair:4)
  2 two-headed ogres (D:9)
  A boulder beetle (D:8)
  A centaur warrior (D:9)
  A tengu warrior (D:9)
  4 death yaks (Lair:3)
  Sonja (Lair:4)
  Amaemon (Lair:1)
  3 skysharks
  An ugly thing (D:9)
  5 elephants
  Jeremiah (D:9)
  Maggie (Lair:2)
  2 black mambas
  4 cane toads
  A torpor snail (Lair:3)
  An orange demon (Lair:1)
  6 komodo dragons
  2 kobold demonologists (D:10)
  2 rime drakes
  2 polar bears
  Prince Ribbit (D:9)
  3 blink frogs (Lair:2)
  Sigmund (D:5)
  A shadow (D:10)
  A vampire (D:9)
  A slime creature (D:9)
  2 wraiths
  2 wyverns
  31 yaks
  4 basilisks
  A steam dragon (Lair:2)
  7 water moccasins
  6 orc warriors
  3 ice beasts
  A black bear (D:10)
  2 sky beasts (D:8)
  5 centaurs
  A wolf (Lair:3)
  6 kobold brigands
  9 bullfrogs
  4 gnoll sergeants
  5 scorpions
  A wight (D:8)
  10 killer bees
  A howler monkey (D:8)
  4 electric eels
  3 orc priests
  4 hounds
  3 iguanas
  4 orc wizards
  Ijyb (D:5)
  Robin (D:2)
  13 gnolls
  8 adders
  A white imp (D:6)
  An ufetubus (D:6)
  6 worms
  6 dart slugs
  31 orcs
  5 bats
  A bat zombie (D:4)
  6 endoplasms
  8 giant cockroaches
  14 goblins
  5 hobgoblins
  11 jackals
  3 quokkas
  8 ball pythons
  2 frilled lizards
  22 kobolds
  2 rats
  3 rat zombies (D:4)
330 creatures vanquished.

Vanquished Creatures (collateral kills)
  A two-headed ogre (D:9)
  A lindwurm (Lair:3)
  A cyclops (D:9)
  A rime drake (Lair:1)
  A cane toad (Lair:3)
  A polar bear (Lair:2)
  15 yaks
  A shadow (D:9)
  A wraith (D:10)
  A steam dragon (shapeshifter) (D:9)
  Edmund (D:5)
  An acid dragon (D:8)
  An orc warrior (Bailey)
  A centaur (D:9)
  5 wolves (Lair:3)
  A bullfrog (Lair:2)
  A howler monkey (D:9)
  2 electric eels
  Crazy Yiuf (D:5)
  An orc wizard (D:5)
  A gnoll (D:5)
  2 orcs (D:3)
  A bat zombie (D:4)
  2 endoplasms
  A goblin (D:2)
  5 hobgoblins
  2 jackals
  4 kobolds
57 creatures vanquished.

Vanquished Creatures (others)
  A hydra (Lair:1)
  2 boulder beetles
  A black mamba (Lair:2)
  4 cane toads
  2 komodo dragons
  A wyvern (Lair:1)
  2 yaks
  An orc warrior (D:5)
  A wolf (Lair:1)
  A bullfrog (D:5)
  4 yak zombies (Lair:4)
  A killer bee (D:5)
  2 electric eels (Lair:2)
  A hound zombie (D:4)
  2 orc zombies (Bailey)
  A goblin zombie (Bailey)
  2 hobgoblin zombies (Bailey)
  A kobold (D:10)
  A kobold zombie (Bailey)
31 creatures vanquished.

Grand Total: 418 creatures vanquished

Notes
Turn   | Place    | Note
-------+----------+-------------------------------------------
     0 | D:1      | Arcadio the Demonspawn Necromancer began the quest for the
                  | Orb.
     0 | D:1      | Reached XP level 1. HP: 13/13 MP: 3/3
   321 | D:1      | Gained mutation: A weak demonic guardian rushes to your
                  | aid. [demonic ancestry]
   321 | D:1      | Reached XP level 2. HP: 19/19 MP: 0/5
   783 | D:1      | Reached XP level 3. HP: 24/24 MP: 4/6
  1618 | D:2      | Learned a level 3 spell: Vampiric Draining
  1724 | D:2      | Found Juimoor's General Store.
  1757 | D:2      | Reached skill level 5 in Necromancy
  1757 | D:2      | Bought a scroll of identify for 28 gold pieces
  1757 | D:2      | Bought a potion of degeneration for 14 gold pieces
  1757 | D:2      | Bought a scroll of teleportation for 42 gold pieces
  1868 | D:2      | Found Utteiqir's Jewellery Shoppe.
  2072 | D:2      | Bought a scroll of teleportation for 42 gold pieces
  2162 | D:2      | Found Awagumek's Antique Weapon Shop.
  2186 | D:2      | Noticed Robin
  2195 | D:2      | Gained mutation: You are partially covered in molten
                  | scales. (AC +2) [demonic ancestry]
  2195 | D:2      | Reached XP level 4. HP: 24/30 MP: 3/8
  2221 | D:2      | Killed Robin
  2581 | D:2      | Learned a level 4 spell: Animate Dead
  2617 | D:2      | Found Wavafuck's Assorted Antiques.
  3043 | D:3      | Identified the ring "Ycheickotero" {*Slow EV+5 Str+2 Dex+6}
  3225 | D:3      | Gained mutation: A demonic guardian rushes to your aid.
                  | [demonic ancestry]
  3225 | D:3      | Reached XP level 5. HP: 10/35 MP: 9/9
  3369 | D:3      | Found a broken altar of Ashenzari.
  3900 | D:3      | Found a sacrificial altar of Ru.
  4167 | D:4      | Reached XP level 6. HP: 32/41 MP: 4/11
  4168 | D:4      | Found a sparkling altar of Nemelex Xobeh.
  4328 | D:4      | Found a staircase to the Ecumenical Temple.
  4338 | D:4      | Noticed a water moccasin
  4343 | D:4      | Killed a water moccasin
  4344 | D:4      | Reached skill level 6 in Necromancy
  4377 | D:4      | Learned a level 5 spell: Agony
  4469 | D:4      | Found an ancient bone altar of Kikubaaqudgha.
  4549 | D:4      | Became a worshipper of Kikubaaqudgha
  4576 | D:4      | Found an ornate altar of the Wu Jian Council.
  4588 | D:4      | Identified the +6 dagger of Bifyn {speed, rPois rC+ Dex+2}
  4767 | D:4      | Gained mutation: A meltable shield of frost defends you.
                  | (SH +4) [demonic ancestry]
  4767 | D:4      | Reached XP level 7. HP: 46/46 MP: 13/13
  4846 | D:5      | Entered Level 5 of the Dungeon
  4846 | D:5      | Noticed Sigmund
  4930 | D:5      | Noticed Edmund
  4943 | D:5      | Killed Edmund
  4978 | D:5      | Reached skill level 5 in Spellcasting
  4978 | D:5      | Reached skill level 7 in Necromancy
  5164 | D:5      | Killed Sigmund
  5165 | D:5      | Reached skill level 5 in Dodging
  5165 | D:5      | Gained mutation: Your touch may inflict minor irresistible
                  | damage on your foes. [demonic ancestry]
  5165 | D:5      | Reached XP level 8. HP: 51/52 MP: 8/15
  5219 | D:5      | Noticed Ijyb
  5238 | D:5      | Killed Ijyb
  5382 | D:5      | Found a runed translucent door.
  5383 | D:5      | Noticed Crazy Yiuf
  5589 | D:5      | Reached * piety under Kikubaaqudgha
  5589 | D:5      | Received a gift from Kikubaaqudgha
  5649 | D:5      | Found a burning altar of Makhleb.
  5785 | D:5      | Found Reyxe's Jewellery Shop.
  6046 | D:5      | Killed Crazy Yiuf
  6315 | D:6      | Reached skill level 8 in Necromancy
  7242 | D:7      | Found a stormy altar of Qazlal.
  7264 | D:7      | Gained mutation: Your touch may inflict irresistible damage
                  | on your foes. [demonic ancestry]
  7264 | D:7      | Reached XP level 9. HP: 55/57 MP: 18/18
  7274 | D:7      | Learned a level 1 spell: Kiss of Death
  7822 | D:7      | Reached ** piety under Kikubaaqudgha
  7898 | D:7      | Reached skill level 9 in Necromancy
  8102 | D:8      | Reached skill level 1 in Fighting
  8102 | D:8      | Reached skill level 1 in Shields
  8375 | D:8      | Gained mutation: Your touch may irresistibly damage your
                  | foes and sap their willpower. [demonic ancestry]
  8375 | D:8      | Reached XP level 10. HP: 51/69 MP: 14/21
  8577 | D:8      | Learned a level 3 spell: Teleport Other
  8881 | D:8      | Found a hide-covered altar of Uskayaw.
  8949 | D:9      | Noticed a boulder beetle
  9068 | D:9      | Found a staircase to the Lair.
  9068 | D:9      | Noticed an elephant
  9074 | D:9      | Found Xuyneoff's Assorted Antiques.
  9086 | D:9      | Bought a scroll labelled OMAOC CUZE for 31 gold pieces
  9086 | D:9      | Bought a scroll labelled LYC ESIYKHEUMM for 31 gold pieces
  9150 | D:9      | Noticed a two-headed ogre
  9151 | D:9      | Noticed a two-headed ogre
  9228 | D:9      | Found a shimmering altar of Xom.
  9357 | D:9      | Found a flagged portal.
  9372 | Bailey   | Entered a bailey
  9458 | Bailey   | Identified the +2 leather armour of the Kitsune {rC+}
  9560 | Bailey   | Reached skill level 10 in Necromancy
  9573 | Bailey   | Reached *** piety under Kikubaaqudgha
  9573 | Bailey   | Received a gift from Kikubaaqudgha
  9718 | D:9      | Killed an elephant
  9859 | D:9      | Noticed a two-headed ogre
  9897 | D:9      | Killed a two-headed ogre
  9900 | D:9      | Noticed a tengu warrior
  9907 | D:9      | Killed a tengu warrior
  9910 | D:9      | Killed a two-headed ogre
  9910 | D:9      | Noticed a cyclops
  9916 | D:9      | Killed a cyclops
  9918 | D:9      | Noticed a red ugly thing
  9927 | D:9      | Killed a red ugly thing
 10554 | D:10     | Entered Level 10 of the Dungeon
 10558 | D:10     | Reached XP level 11. HP: 78/78 MP: 13/23
 10642 | D:10     | Found a shimmering blue altar of Sif Muna.
 10808 | D:10     | Reached skill level 5 in Fighting
 11039 | D:10     | Reached **** piety under Kikubaaqudgha
 11179 | D:9      | Noticed Prince Ribbit
 11186 | D:9      | Killed Prince Ribbit
 11195 | D:9      | Noticed a centaur warrior
 11508 | D:2      | Bought a glowing triple sword for 273 gold pieces
 11801 | D:9      | Killed a centaur warrior
 11802 | D:9      | Reached skill level 5 in Shields
 11802 | D:9      | Reached skill level 11 in Necromancy
 11908 | D:9      | Killed a two-headed ogre
 11911 | D:9      | Noticed Jeremiah
 12206 | D:8      | Killed a boulder beetle
 12308 | D:9      | Killed Jeremiah
 12329 | D:9      | Learned a level 4 spell: Dispel Undead
 12334 | D:9      | Learned a level 4 spell: Anguish
 13129 | Lair:1   | Entered Level 1 of the Lair of Beasts
 13129 | Lair:1   | Noticed a skyshark
 13141 | D:9      | Killed a skyshark
 14100 | Lair:1   | Reached XP level 12. HP: 84/89 MP: 25/25
 14162 | Lair:1   | Noticed Amaemon
 14219 | Lair:1   | Killed Amaemon
 14220 | Lair:1   | Reached skill level 12 in Necromancy
 14328 | Lair:1   | Noticed Icellig's ghost (novice HOFi)
 14346 | Lair:1   | Found a bloodstained altar of Trog.
 14355 | Lair:1   | Found a transporter.
 14361 | Lair:1   | Found a transporter.
 14918 | D:2      | Bought a ring of poison resistance for 200 gold pieces
 14970 | D:2      | Bought a scroll of enchant weapon for 105 gold pieces
 15047 | D:2      | Bought a scroll labelled YLU IRHITANYPOR for 19 gold pieces
 15047 | D:2      | Bought a scroll labelled ZUTUIN FIAWKUT for 19 gold pieces
 15206 | Lair:2   | Noticed a catoblepas
 15220 | Lair:2   | Killed a catoblepas
 15683 | Lair:2   | Found a hole to the Spider Nest.
 15725 | Lair:2   | Reached skill level 10 in Dodging
 15768 | Lair:2   | Noticed Maggie
 15778 | Lair:2   | Killed Maggie
 15793 | Lair:2   | Reached skill level 10 in Spellcasting
 16366 | Lair:2   | Found a staircase to the Swamp.
 17392 | Lair:2   | Reached ***** piety under Kikubaaqudgha
 18235 | Lair:3   | Reached skill level 13 in Necromancy
 18795 | Lair:3   | Found a hide-covered altar of Uskayaw.
 18795 | Lair:3   | Found an ornate altar of the Wu Jian Council.
 18795 | Lair:3   | Noticed a boulder beetle
 18828 | Lair:3   | Killed a boulder beetle
 18834 | Lair:3   | Reached XP level 13. HP: 94/99 MP: 4/27
 19512 | Lair:3   | Learned a level 6 spell: Simulacrum
 21442 | Lair:4   | Noticed Sonja
 21468 | Lair:4   | Killed Sonja
 21967 | Lair:5   | Entered Level 5 of the Lair of Beasts
 22241 | Lair:5   | Found a transporter.
 23018 | Lair:5   | Found a staircase to the Slime Pits.
 23322 | Lair:5   | Found a transporter.
 23323 | Lair:5   | Noticed KimchiStew's ghost (journeyman HOBr)
 23334 | Lair:5   | Noticed Josephine
 23582 | Lair:4   | Killed from afar by Josephine

Illustrated notes

Levels and vault maps discovered:
D:1:      matt_arrival_refuge, layout_basic, minmay_worlds_worst_comb
D:2:      layout_loops_corners, serial_shops, shop, shop, shop,
          nicolae_shop_behind_doors, chequers_big_river, minivault_4, uniq_robin
D:3:      layout_basic, mainiacjoe_overflow_brackets,
          mainiacjoe_overflow_tiny_flanked
D:4:      layout_rooms, lemuel_zombie_altar_kikubaaqudgha,
          mainiacjoe_overflow_large_starburst, minmay_temple_entry_waves
D:5:      layout_basic, nicolae_tso_carved_into_rock,
          mainiacjoe_overflow_24_doors, serial_shops, shop,
          minmay_misc_feat_iff, minmay_misc_feat_five, uniq_ijyb,
          uniq_crazy_yiuf_cottage, uniq_edmund, uniq_sigmund
D:6:      layout_loops_corners, serial_demonic, serial_demonic_b,
          serial_demonic_b, serial_demonic_e, serial_demonic_g
D:7:      layout_loops_ring, nicolae_qazlal_general_emergency
D:8:      layout_basic, nicolae_uskayaw_suspiria, hangedman_minor_gate_pass
D:9:      minmay_sliced_demisemicircle, layout_irregular_city,
          lemuel_round_altar, david_lair_generic, enter_bailey_3, serial_shops,
          shop, grunt_potential, uniq_jeremiah, uniq_prince_ribbit1
D:10:     layout_stronghold, kennysheep_ying_yang, amcnicky_altar_gilded,
          serial_glass, glass_columns_c, glass_columns_a, item_on_display_a,
          feat_on_display, nicolae_nh_ransacked_shop
Lair:1:   layout_gridlike, gammafunk_ghost_wrathful_warriors, uniq_amaemon
Lair:2:   layout_gridlike, minmay_swamp_entry_eels,
          nicolae_spider_entry_non_spiders, serial_bayou_shore_b,
          lemuel_fruit_tree, uniq_maggie
Lair:3:   layout_cave_pods, nzn_masters_of_martial_movement, grunt_megastairs_4,
          infiniplex_staircase_pool_2, serial_bayou_shore_a
Lair:4:   layout_regular_city, nicolae_volcano_entry_hallway, uniq_sonja
Lair:5:   hellmonk_lair_end_abyssal_woods, layout_cave_pods, slime_entry_1,
          gammafunk_ghost_hive, uniq_urug, uniq_josephine

Skill      XL: |  1  2  3  4  5  6  7  8  9 10 11 12 13 |
---------------+----------------------------------------+-----
Dodging        | 2 3 4 5 6 7 8 9 10 11 | 11.5
Necromancy     | 5 6 7 8 9 10 11 13 | 13.9
Spellcasting   | 3 4 5 6 7 8 9 10 11 | 11.5
Fighting       | 2 4 6 8 9 |  9.8
Shields        | 2 4 5 |  5.0
Stealth        | |  1.7

Action                     |  1- 3 |  4- 6 |  7- 9 | 10-12 | 13-15 || total
---------------------------+-------+-------+-------+-------+-------++-------
  Melee: Unarmed           |    44 |       |       |       |       ||    44
         Dagger            |       |    33 |       |       |       ||    33
         Trident           |       |   114 |   262 |   567 |   190 ||  1133
         Punch             |       |     2 |     1 |       |       ||     3
         Touch             |       |       |    31 |       |       ||    31
         Spear             |       |       |       |    46 |       ||    46
   Cast: Necrotise         |    70 |    31 |     6 |    10 |       ||   117
         Vampiric Draining |       |    13 |    15 |   139 |    70 ||   237
         Animate Dead      |       |     1 |     1 |     2 |     1 ||     5
         Agony             |       |       |     1 |    14 |    13 ||    28
         Teleport Other    |       |       |       |     2 |     1 ||     3
         Anguish           |       |       |       |    31 |    18 ||    49
         Dispel Undead     |       |       |       |     2 |     3 ||     5
         Kiss of Death     |       |       |       |     1 |       ||     1
 Invoke: Unearth Wretches  |       |       |     1 |     1 |       ||     2
         Torment           |       |       |       |     1 |       ||     1
  Evoke: Wand              |       |       |       |    16 |     2 ||    18
    Use: Scroll            |       |     1 |    11 |     6 |     1 ||    19
   Stab: Sleeping          |     1 |     3 |     2 |     1 |     2 ||     9
         Paralysed         |       |       |     1 |       |       ||     1
         Distracted        |       |       |       |     3 |     2 ||     5
 Armour: Robe              |    20 |    35 |    67 |   135 |    57 ||   314
  Dodge: Dodged            |    38 |   146 |   262 |   817 |   290 ||  1553
  Block: Other             |       |       |    40 |       |       ||    40
         Buckler           |       |       |    55 |   602 |   223 ||   880

Table legend: (Time is in decaauts)
 A = Elapsed time spent in this place.
 B = Non-inter-level travel time spent in this place.
 C = Inter-level travel time spent in this place.
 D = Time resting spent in this place.
 E = Time spent auto-exploring this place.
 F = Levels seen in this place.
 G = Mean time per level.
                   A        B        C        D        E       F      G
               +--------+--------+--------+--------+--------+-----+--------+
         Total |  24058 |  22668 |   1390 |   4763 |  12526 |  16 | 1503.6 |
       Dungeon |  13752 |  12527 |   1225 |   1757 |   7464 |  10 | 1375.2 |
          Lair |   9946 |   9781 |    165 |   3006 |   5003 |   5 | 1989.2 |
        Bailey |    358 |    358 |      0 |      0 |     59 |   1 |  358.0 |
               +--------+--------+--------+--------+--------+-----+--------+

Top non-repeatable levels by time:
  Lair:2: 2898 daAuts
  Lair:3: 2726 daAuts
     D:9: 2344 daAuts
  Lair:4: 2289 daAuts
     D:2: 1972 daAuts
     D:8: 1965 daAuts
  Lair:1: 1509 daAuts
     D:3: 1318 daAuts
     D:1: 1317 daAuts
     D:5: 1147 daAuts
     D:7: 1147 daAuts
     D:6: 991 daAuts
     D:4: 931 daAuts
    D:10: 617 daAuts
  Lair:5: 522 daAuts
